 Dungeon Crawl Stone Soup version 0.27.1-34-g3ba077fa99 (webtiles) character file.

Game seed: 7586139961128617567

30835 comborobin the Covert (level 13, -22/100 HPs)
             Began as a Vampire Delver on Jan 8, 2022.
             Was the Champion of Cheibriados.
             Killed from afar by Jorgrun (26 damage)
             ... with an iron shot
             ... while petrified by Jorgrun
             ... on level 13 of the Dungeon.
             The game lasted 00:22:06 (12274 turns).

comborobin the Covert (Vampire Delver)             Turns: 12274, Time: 00:22:07

Health: -22/100    AC: 17    Str: 29    XL:     13   Next: 22%
Magic:  13/13      EV: -1    Int: 29    God:    Cheibriados [******]
Gold:   788        SH:  0    Dex: 39    Spells: 12/12 levels left

rFire    + . .     SeeInvis +   a - +1 great sword of the Scroll {vamp, Dex+8}
rCold    . . .     Faith    .   (shield currently unavailable)
rNeg     + + +     Spirit   .   E - +2 steam dragon scales
rPois    ∞         Reflect  .   D - +2 helmet
rElec    .         Harm     .   q - +0 cloak
rCorr    .         Rampage  .   (no gloves)
Will     +....                  x - +0 pair of boots
Stlth    ++++++....             e - amulet of regeneration
HPRegen  1.46/turn              r - +4 ring of protection
MPRegen  0.13/turn              m - +4 ring of slaying

@: petrified, grasped by roots, flying, healing quickly, constricted, very slow
A: alive, fangs 3, see invisible, vampiric 2, fire resistance 1, low mp 1,
poison resistance
a: Exsanguinate, Renounce Religion, Bend Time, Temporal Distortion, Slouch, Step
From Time


You were on level 13 of the Dungeon.
You worshipped Cheibriados.
Cheibriados was exalted by your worship.
You visited 2 branches of the dungeon, and saw 12 of its levels.
You visited the Abyss 1 time.
You also visited: Sewer and Bailey.

You collected 1178 gold pieces.
You spent 390 gold pieces at shops.

Inventory:

Hand Weapons
 a - the +1 great sword of the Scroll (weapon) {vamp, Dex+8}
   (You found it on level 13 of the Dungeon)

   It occasionally heals its wielder for a portion of the damage dealt when it
   wounds a living foe.
   Dex:       It affects your dexterity (+8).
 b - the +7 spear of the Orb {elec, +Blink rC+}
   (You found it on level 10 of the Dungeon)

   It occasionally discharges a powerful burst of electricity upon striking a
   foe.
   rC:        It protects you from cold.
   +Blink:    It lets you blink.
 i - a +1 trident of venom
 p - a +0 morningstar
 z - a +2 vampiric whip
 B - a +0 rapier
 J - a +8 arbalest of flaming
 L - a +0 battleaxe
 P - a +1 rapier of flaming
 W - a +4 scimitar of flaming
 Y - a +1 quick blade
Armour
 h - a +0 leather armour
 q - a +0 cloak (worn)
 x - a +0 pair of boots (worn)
 C - a +3 plate armour
 D - a +2 helmet (worn)
 E - +2 steam dragon scales (worn)
 G - a +1 robe of willpower
 K - the +0 robe of Entitlement {rF+ rC+}
   (You took it off a hobgoblin in a bailey)

   rF:        It protects you from fire.
   rC:        It protects you from cold.
 Q - the +1 robe of Autumn {rC+}
   (You found it on level 11 of the Dungeon)

   rC:        It protects you from cold.
 S - +0 acid dragon scales
Magical Staves
 I - a staff of conjuration
Jewellery
 e - an amulet of regeneration (around neck)
 m - a +4 ring of slaying (right hand)
 r - a +4 ring of protection (left hand)
 O - a ring of fire
 V - an amulet of reflection
Wands
 g - a wand of digging (16)
 y - a wand of flame (23)
 N - a wand of polymorph (17)
Scrolls
 c - 3 scrolls of fog
 d - 2 scrolls of magic mapping
 j - 8 scrolls of identify
 n - 3 scrolls of teleportation
 s - a scroll of silence {unknown}
 v - 2 scrolls of noise {unknown}
 w - 2 scrolls of fear
 A - a scroll of torment {unknown}
 U - a scroll of immolation {unknown}
Potions
 f - 4 potions of attraction {unknown}
 k - 4 potions of heal wounds
 l - 7 potions of curing
 o - 2 potions of brilliance {unknown}
 t - 2 potions of magic {unknown}
 u - a potion of cancellation {unknown}
 F - a potion of berserk rage {unknown}
 M - 3 potions of ambrosia
 R - 2 potions of might
 T - a potion of resistance {unknown}
Miscellaneous
 H - a condenser vane (inert)


   Skills:
 + Level 8.8 Fighting
 - Level 11.9(12.1) Short Blades
 * Level 3.2(7.8) Long Blades
 - Level 12.0 Polearms
 - Level 2.0 Throwing
 + Level 3.2 Armour
 + Level 8.8 Dodging
 - Level 12.1 Stealth
 * Level 2.9 Invocations


You had 12 spell levels left.
You didn't know any spells.
Your spell library contained the following spells:

 Spells                   Type           Power      Damage    Failure   Level
 Cause Fear               Hex            0%         N/A       71%         4
 Dragon Form              Tmut           0%         N/A       100%        7
 Dragon's Call            Summ           0%         N/A       100%        9


Dungeon Overview and Level Annotations

Branches:
Dungeon (13/15)            Temple (1/1) D:7            Lair (0/6) D:8
    Orc (0/2) D:9          Vaults (0/5) D:13          Sewer (visited)
 Bailey (visited)

Altars:
Ashenzari
Cheibriados
Dithmenos
Elyvilon
Fedhas
Gozag
Hepliaklqana
Kikubaaqudgha
Makhleb
Nemelex Xobeh
Okawaru
Qazlal
Ru
Sif Muna
Trog
Uskayaw
Vehumet
Wu Jian
Xom
Yredelemnul
Zin
The Shining One
Beogh

Shops:
D:5 =

Annotations:
D:5 DrStoges's ghost, novice TrBe
D:10 3 runed translucent doors
D:13 Jorgrun


Innate Abilities, Weirdness & Mutations

Your natural rate of healing is accelerated.
You have razor-sharp teeth.
You have supernaturally acute eyesight. (SInv)
You are afflicted with vampirism and can become a bat while bloodless.
Your flesh is heat resistant. (rF+)
Your magical capacity is low. (-10% MP)
Your system is resistant to poisons. (rPois)


Message History

Jorgrun gestures at you while chanting.
Roots burst forth from the earth!
The grasping roots grab you! The grasping roots constrict you.
Jorgrun hits you but does no damage. The grasping roots constrict you.
Jorgrun gestures at you while chanting. You resist with significant effort.
The grasping roots constrict you.
You have turned to stone.
Jorgrun hits you with a staff of earth. The grasping roots constrict you.
Jorgrun hits you but does no damage. The grasping roots constrict you.
Jorgrun hits you with a staff of earth. Jorgrun shatters you!
The grasping roots constrict you! Jorgrun casts a spell at you.
The iron shot hits you!!! The grasping roots constrict you.
Jorgrun hits you with a staff of earth! Jorgrun shatters you!
The grasping roots constrict you. Jorgrun gestures at you while chanting.
The iron shot hits you!!!
* * * LOW HITPOINT WARNING * * *
The grasping roots constrict you!
* * * LOW HITPOINT WARNING * * *
Jorgrun hits you with a staff of earth.
* * * LOW HITPOINT WARNING * * *
The grasping roots constrict you!
* * * LOW HITPOINT WARNING * * *
Jorgrun hits you but does no damage. The grasping roots constrict you.
* * * LOW HITPOINT WARNING * * *
Jorgrun hits you but does no damage. The grasping roots constrict you.
* * * LOW HITPOINT WARNING * * *
Jorgrun says, "Tha earth be me home, an' ye be trespassing!"
Jorgrun gestures at you while chanting. The grasping roots constrict you.
* * * LOW HITPOINT WARNING * * *
Jorgrun hits you with a staff of earth!
* * * LOW HITPOINT WARNING * * *
The grasping roots constrict you.
* * * LOW HITPOINT WARNING * * *
Jorgrun casts a spell at you. The iron shot hits you!!!
You die...

.............#.....#....[........
.............#.....#.............
.....##......##....#.........##..
###############....#.......(.####
#.......##...###...##...##..
#.......##...###...##'####..
#...........................
#..............[............
###############.@................
.....##......##g....#........##..
.............######'#............
.............#(.....#.###########
.............#......#.#.....#((..
.............'......#.#.....#[...
.#...###.....###....#.#..∩..#..⌠.
##...######### ######.#.....#....
#.....# #.#.....#....


You could see Jorgrun (fast).

Vanquished Creatures
  Azrael (D:13)
  An ettin (shapeshifter) (D:11)
  3 vault guards (D:13)
  A boulder beetle (D:11)
  An ogre mage (D:11)
  A hydra (D:12)
  3 centaur warriors
  A two-headed ogre (D:12)
  A tengu warrior (D:12)
  3 wizards
  2 necromancers (D:13)
  An orc knight (Bailey)
  A manticore (D:13)
  A cyclops (D:11)
  2 gargoyles
  An unseen horror (D:10)
  A komodo dragon (D:13)
  A yaktaur (shapeshifter) (D:13)
  A tengu conjurer (D:11)
  3 meliai (D:13)
  A troll (D:10)
  A hornet (D:9)
  Grinder (D:3)
  A queen bee (D:11)
  A hornet (shapeshifter) (D:11)
  A raiju (shapeshifter) (D:11)
  A meliai zombie (D:11)
  3 wraiths
  28 yaks
  A fire elemental (D:13)
  17 humans (D:13)
  2 steam dragons
  2 basilisks
  3 acid dragons
  7 hell hounds (D:13)
  4 water moccasins
  11 orc warriors
  Purgy (Sewer)
  4 ice beasts
  A sky beast (D:7)
  A necrophage (D:5)
  4 ogres (D:5)
  7 centaurs
  2 phantoms
  A kobold brigand (D:7)
  6 bullfrogs
  A gnoll sergeant (D:6)
  4 scorpions
  28 killer bees
  A howler monkey (D:9)
  5 wights
  A crimson imp (Abyss:2)
  3 centaur zombies
  A hound (D:6)
  3 jellies
  10 orc priests
  2 bullfrog skeletons
  A centaur skeleton (D:5)
  A gnoll shaman (D:9)
  2 iguanas
  6 orc wizards
  3 howler monkey zombies
  18 gnolls
  8 adders
  An ufetubus (D:5)
  An adder skeleton (D:4)
  49 orcs
  A bat (D:3)
  An endoplasm (D:3)
  2 giant cockroaches (D:3)
  5 hobgoblins
  19 kobolds
  2 quokkas (D:4)
  7 ball pythons
  2 frilled lizards (Sewer)
  3 goblins
  2 rats (D:3)
335 creatures vanquished.

Notes
Turn   | Place    | Note
-------+----------+-------------------------------------------
     0 | D:5      | comborobin the Vampire Delver began the quest for the Orb.
     0 | D:5      | Reached XP level 1. HP: 17/17 MP: 1/1
    58 | D:6      | Reached XP level 2. HP: 19/23 MP: 2/2
    58 | D:6      | Gained mutation: You are afflicted with vampirism and can
                  | become a bat while bloodless. [Vampire growth]
    58 | D:6      | Reached XP level 3. HP: 23/28 MP: 3/3
   131 | D:6      | Found a runed translucent gate.
   131 | D:6      | Noticed a gnoll sergeant
   242 | D:5      | Noticed a necrophage
   242 | D:5      | Noticed an ogre
   244 | D:5      | Killed an ogre
   245 | D:5      | Reached XP level 4. HP: 34/34 MP: 4/4
   245 | D:5      | Reached XP level 5. HP: 39/39 MP: 5/5
   258 | D:5      | Killed a necrophage
   259 | D:5      | Reached skill level 5 in Short Blades
   453 | D:5      | Noticed an ogre
   481 | D:5      | Noticed an ogre
   487 | D:5      | Killed an ogre
   488 | D:5      | Reached XP level 6. HP: 46/46 MP: 6/6
   542 | D:5      | Noticed a water moccasin
   549 | D:5      | Killed a water moccasin
   627 | D:5      | Reached XP level 7. HP: 29/51 MP: 7/7
   903 | D:5      | Reached skill level 10 in Stealth
  1314 | D:5      | Found Veran's Jewellery Shoppe.
  2416 | D:3      | Reached XP level 8. HP: 57/57 MP: 8/8
  2757 | D:3      | Found a glowing drain.
  2768 | Sewer    | Entered a sewer
  2851 | Sewer    | Noticed Purgy
  2874 | Sewer    | Killed Purgy
  3036 | D:3      | Noticed Grinder
  3046 | D:3      | Killed Grinder
  4133 | D:6      | HP: 3/60 [poisoned by a gnoll sergeant]
  4672 | D:6      | Found a runed translucent gate.
  4672 | D:6      | Found a runed translucent gate.
  4675 | D:6      | Noticed DrStoges's ghost (novice TrBe)
  4734 | D:7      | Found a bloodstained altar of Trog.
  4773 | D:7      | Reached XP level 9. HP: 22/65 MP: 9/9
  5098 | D:8      | Reached skill level 10 in Short Blades
  5357 | D:5      | Bought an amulet of regeneration for 390 gold pieces
  5683 | D:7      | Found a staircase to the Ecumenical Temple.
  5708 | Temple   | Entered the Ecumenical Temple
  5873 | D:7      | Reached skill level 5 in Dodging
  6499 | D:7      | Reached skill level 5 in Fighting
  6499 | D:7      | Reached skill level 1 in Throwing
  6650 | D:8      | Found a staircase to the Lair.
  6982 | D:8      | Reached XP level 10. HP: 47/74 MP: 10/10
  7030 | D:8      | Reached skill level 1 in Armour
  7050 | D:8      | Found a basalt altar of Yredelemnul.
  7050 | D:8      | Found a snail-covered altar of Cheibriados.
  7067 | D:8      | Became a worshipper of Cheibriados the Contemplative
  7508 | D:9      | Reached * piety under Cheibriados
  7800 | D:9      | Reached ** piety under Cheibriados
  7802 | D:9      | Found a staircase to the Orcish Mines.
  8133 | D:9      | Found a radiant altar of Vehumet.
  8133 | D:9      | Found a hazy altar of Hepliaklqana.
  8206 | D:9      | Found an ornate altar of the Wu Jian Council.
  8208 | D:9      | Found a sacrificial altar of Ru.
  8210 | D:9      | Found a hide-covered altar of Uskayaw.
  8256 | D:10     | Entered Level 10 of the Dungeon
  8267 | D:10     | Identified the +7 spear of the Orb {elec, +Blink rC+}
  8364 | D:10     | Reached skill level 1 in Polearms
  8499 | D:10     | Reached *** piety under Cheibriados
  8519 | D:10     | Reached XP level 11. HP: 51/83 MP: 11/11
  8629 | D:10     | Found a runed translucent gate.
  8630 | D:10     | Found a runed translucent gate.
  8630 | D:10     | Found a runed translucent gate.
  8630 | D:10     | Noticed a brown very ugly thing
  8632 | D:10     | Noticed a cyan ugly thing
  8632 | D:10     | Noticed a white ugly thing
  8632 | D:10     | Noticed a white ugly thing
  8632 | D:10     | Noticed a purple ugly thing
  8634 | D:10     | Noticed a brown ugly thing
  8867 | D:10     | Found a shimmering blue altar of Sif Muna.
  8972 | D:10     | Gained mutation: Your spells are a little easier to cast,
                  | but a little less powerful. [potion of mutation]
  8972 | D:10     | Gained mutation: You are dopey. (Int -2) [potion of
                  | mutation]
  8973 | D:10     | Lost mutation: You are dopey. (Int -2) [potion of mutation]
  8973 | D:10     | Lost mutation: Your spells are a little easier to cast, but
                  | a little less powerful. [potion of mutation]
  8973 | D:10     | Gained mutation: Your system is resistant to poisons.
                  | (rPois) [potion of mutation]
  8973 | D:10     | Gained mutation: Your magical capacity is low. (-10% MP)
                  | [potion of mutation]
  8973 | D:10     | Gained mutation: Your flesh is heat resistant. (rF+)
                  | [potion of mutation]
  9192 | D:11     | Reached **** piety under Cheibriados
  9193 | D:11     | Found a flagged portal.
  9207 | Bailey   | Entered a bailey
  9407 | Bailey   | Noticed an orc knight
  9416 | Bailey   | Killed an orc knight
  9417 | Bailey   | Reached skill level 5 in Polearms
  9498 | Bailey   | Identified the +0 robe of Entitlement {rF+ rC+}
  9512 | Bailey   | Found a burning altar of Makhleb.
  9629 | D:11     | Noticed a wizard
  9629 | D:11     | Noticed a boulder beetle
  9629 | D:11     | Noticed an ogre mage
  9670 | D:11     | Noticed a centaur warrior
  9684 | D:11     | Killed a centaur warrior
  9709 | D:11     | Identified the +1 dagger of Mayhem {vorpal, Dex+3}
  9796 | D:11     | Reached ***** piety under Cheibriados
  9912 | D:11     | Noticed a centaur warrior
  9918 | D:11     | Killed a centaur warrior
  9938 | D:11     | Killed a boulder beetle
  9940 | D:11     | Noticed an ettin
  9943 | D:11     | Killed a wizard
  9944 | D:11     | Reached XP level 12. HP: 88/91 MP: 10/10
  9950 | D:11     | Killed an ettin
 10010 | D:11     | Identified the +1 robe of Autumn {rC+}
 10093 | D:11     | Killed an ogre mage
 10094 | D:11     | Reached skill level 10 in Polearms
 10467 | D:12     | Noticed a two-headed ogre
 10469 | D:12     | Noticed a five-headed hydra
 10476 | D:12     | Killed a five-headed hydra
 10483 | D:12     | Killed a two-headed ogre
 10770 | D:12     | Noticed a tengu warrior
 10781 | D:12     | Killed a tengu warrior
 11585 | D:13     | Noticed Azrael
 11596 | D:13     | Killed Azrael
 11789 | D:13     | Noticed a centaur warrior
 11797 | D:13     | Killed a centaur warrior
 11801 | D:13     | Reached ****** piety under Cheibriados
 11816 | D:13     | Identified the +1 great sword of the Scroll {vamp, Dex+8}
 11896 | D:13     | Reached skill level 1 in Long Blades
 11906 | D:13     | Reached skill level 1 in Invocations
 11917 | D:13     | Reached XP level 13. HP: 99/99 MP: 12/12
 11970 | D:13     | Cast into level 2 of the Abyss (a wizard)
 11984 | Abyss:2  | Noticed a lorocyproca
 12024 | D:13     | Escaped the Abyss
 12110 | D:13     | Found a gate to the Vaults.
 12257 | D:13     | Noticed Jorgrun
 12274 | D:13     | HP: 4/100 [constriction (2)]
 12274 | D:13     | Killed from afar by Jorgrun

Illustrated notes

Levels and vault maps discovered:
D:3:      layout_loops_corners, portal_sewer_entry_d, minmay_close_crescents,
          uniq_grinder
D:4:      layout_loops_ring, kennysheep_generic_room_3, uniq_purgy
D:5:      layout_loops_ring, serial_shops, nicolae_lakefront_shop
D:6:      layout_basic, biasface_ghost_orc_armoury
D:7:      layout_basic, good_gods_mini_temple, mainiacjoe_overflow_catwalk,
          temple_green, solitary_fountain
D:8:      layout_basic, gammafunk_temple_overflow_elements, dpeg_oklobed_lair
D:9:      layout_gridville, chequers_temple_overflow_minitemple,
          hiddenorc2_lemuel, kennysheep_generic_room_16
D:10:     layout_cave_pools, led_sif_pool,
          ploomutoo_gammafunk_ghost_potion_laboratory, kennysheep_generic_room_5
D:11:     minmay_the_grid_octo_2x2 [minmay_the_grid_octo_tetromino_candy,
          minmay_the_grid_octo_77, minmay_the_grid_octo_empty,
          minmay_the_grid_octo_prize_big_c], layout_rooms, special_room
          [special_room_bee], enter_bailey_4
D:12:     layout_long_grid, roderic_serpentine_path
D:13:     layout_gridville, grunt_vaults_entry_tiered, uniq_jorgrun, uniq_azrael
Temple:   eino_temple_lava

Skill      XL: |  1  2  3  4  5  6  7  8  9 10 11 12 13 |
---------------+----------------------------------------+-----
Short Blades   | 3 4 6 8 9 11 | 11.9
Stealth        | 8 9 10 11 12 | 12.1
Fighting       | 4 5 6 7 8 |  8.8
Dodging        | 4 5 7 8 |  8.8
Throwing       | 1 2 |  2.0
Armour         | 2 3 |  3.2
Polearms       | 3 9 12 | 12.0
Long Blades    | 1 3 |  3.2
Invocations    | 1 2 |  2.9

Action                   |  1- 3 |  4- 6 |  7- 9 | 10-12 | 13-15 || total
-------------------------+-------+-------+-------+-------+-------++-------
Melee: Short sword       |    19 |       |       |       |       ||    19
       Bite              |     4 |     4 |    41 |   123 |    19 ||   191
       Morningstar       |       |    12 |       |       |       ||    12
       Rapier            |       |    17 |   511 |   114 |       ||   642
       Quick blade       |       |       |       |   183 |       ||   183
       Spear             |       |       |       |   383 |       ||   383
       Great sword       |       |       |       |    23 |    80 ||   103
Throw: Throwing net      |       |       |    10 |     1 |       ||    11
Invok: Temporal Distorti |       |       |       |       |     1 ||     1
 Abil: Evoke Blink       |       |       |       |     1 |       ||     1
Evoke: Wand              |     1 |       |    17 |     6 |       ||    24
       Condenser vane    |       |       |       |     2 |       ||     2
  Use: Potion            |     1 |       |     4 |     9 |     1 ||    15
       Scroll            |       |       |     2 |     7 |       ||     9
 Stab: Sleeping          |     1 |     1 |    25 |    20 |       ||    47
       Distracted        |       |       |     1 |     3 |     1 ||     5
       Held in net/web   |       |       |     6 |       |       ||     6
Armor: Leather armour    |     7 |     5 |    80 |       |       ||    92
       Steam dragon scal |       |       |    17 |   167 |    33 ||   217
       Skin              |       |       |     1 |     8 |       ||     9
Dodge: Dodged            |     7 |    15 |   262 |   545 |    79 ||   908
       Rpst.: Great sword |       |       |       |     7 |    20 ||    27
